Map: [ESL] Royal Blood

Players

Arrogfire

  • Race: Protoss Protoss
  • Spawn Location: 7:00

HeroMarine - Winner!

  • Race: Terran Terran
  • Spawn Location: 1:00

Event: ESL SC2 Masters 2023 Summer (Finals)

VOD

Have the link to the VOD?

Description

Time

  • Played on: June 16, 2023, 5:58 a.m.
  • Length: 10:36

All games in this series

Show
View Real Time Build Order
Export as new Build Order

Arrogfire Protoss 

Build Orders: 1 Gate Expand, Blink Stalkers 

Get SALT Encoding   

  12  0:00  Probe  
  13  0:12  Probe  
  14  0:16  Pylon  
  14  0:24  Probe (Chrono Boost)  
  16  0:36  Probe (Chrono Boost), Gateway  
  16  0:41  Probe (Chrono Boost)  
  17  0:45  Assimilator  
  17  0:50  Probe  
  18  1:03  Probe  
  19  1:15  Probe  
  20  1:22  Cybernetics Core  
  20  1:32  Nexus  
  20  1:35  Probe  
  21  1:42  Pylon  
  21  1:47  Assimilator  
  21  1:51  Probe  
  22  1:57  Adept (Chrono Boost)  
  22  2:01  Warp Gate  
  24  2:03  Probe  
  25  2:15  Probe (Chrono Boost)  
  26  2:20  Adept  
  28  2:24  Probe (Chrono Boost)  
  28  2:26  Twilight Council  
  28  2:29  Probe (Chrono Boost)  
  30  2:40  Shield Battery  
  30  2:44  Probe (Chrono Boost)  
  30  2:46  Probe (Chrono Boost)  
  31  2:53  Probe (Chrono Boost)  
  31  2:55  Blink (Chrono Boost)  
  31  2:56  Probe (Chrono Boost)  
  33  2:58  Probe (Chrono Boost)  
  34  3:06  Probe  
  34  3:08  Gateway  
  34  3:10  Probe  
  36  3:18  Probe  
  37  3:27  Probe  
  37  3:30  Probe  
  39  3:39  Probe  
  40  3:41  Robotics Facility  
  40  3:42  Pylon  
  40  3:43  Probe  
  41  3:49  Stalker  
  41  3:51  Probe  
  41  3:55  Probe  
  45  4:02  Stalker  
  45  4:03  Probe  
  45  4:07  Probe  
  49  4:11  Nexus  
  49  4:15  Pylon  
  49  4:16  Probe  
  50  4:20  Stalker  
  52  4:25  Assimilator  
  52  4:26  Stalker  
  54  4:33  Observer  
  54  4:34  Pylon  
  55  4:40  Probe  
  56  4:47  Probe  
  56  4:52  Probe  
  58  4:54  Stalker x2  
  58  4:57  Charge (Chrono Boost)  
  58  4:59  Probe  
  63  5:04  Probe  
  63  5:07  Forge  
  65  5:17  Probe, Gateway  
  65  5:21  Immortal (Chrono Boost)  
  69  5:32  Stalker x2  
  71  5:40  Shield Battery  
  69  5:45  Pylon  
  69  5:47  Probe  
  69  5:56  Pylon  
  69  5:58  Pylon  
  65  6:09  Stalker x2  
  68  6:20  Probe  
  68  6:21  Protoss Ground Weapons Level 1 (Chrono Boost)  
  68  6:24  Warp Prism (Chrono Boost)  
  71  6:39  Nexus  
  70  6:41  Probe x2  
  70  6:45  Gateway  
  72  6:52  Gateway  
  72  6:55  Pylon  
  72  6:57  Pylon  
  72  7:03  Gateway  
  72  7:07  Gateway  
  72  7:10  Sentry  
  72  7:12  Zealot x2  
  77  7:25  Gateway  
  77  7:28  Pylon  
  77  7:30  Probe x2  
  79  7:38  Zealot x3  
  79  7:41  Gateway  
  79  7:42  Probe  
  79  7:43  Probe  
  85  7:48  Zealot x2  
  89  7:58  Zealot x3  
  93  8:04  Zealot x2  
  99  8:09  Zealot x2  
  99  8:12  Probe x2  
  105  8:17  Probe  
  78  8:31  Zealot x3  
  78  8:32  Zealot x5  
  78  8:33  Probe  
  67  8:52  Zealot  
  67  8:53  Zealot x4, Templar Archives  
  67  8:54  Sentry x2  
  67  8:55  Probe  
  82  8:56  Probe  
  82  9:00  Pylon  
  82  9:01  Zealot  
  82  9:02  Observer (Chrono Boost)  
  86  9:03  Zealot  
  86  9:09  Probe x2, Psionic Storm  
  90  9:13  Stalker  
  90  9:15  Immortal (Chrono Boost)  
  90  9:17  Pylon, Assimilator  
  92  9:18  Zealot x2  
  100  9:33  High Templar, Pylon  
  100  9:34  High Templar  
  100  9:35  High Templar  
  106  9:40  Pylon  
  106  9:42  Stalker  
  103  9:56  Observer (Chrono Boost)  
  103  9:57  Probe x2  
  103  9:59  Zealot x4  
  95  10:10  Shield Battery  
  95  10:11  Zealot x3  
  97  10:17  Probe x2  
  83  10:22  Stalker x3  
  68  10:33  Archon  
Show
View Real Time Build Order
Export as new Build Order

HeroMarine Terran - Winner!

Build Orders:  

Get SALT Encoding   

  12  0:00  SCV  
  13  0:12  SCV  
  14  0:17  Supply Depot  
  14  0:25  SCV  
  15  0:38  SCV  
  15  0:40  Barracks  
  15  0:42  Refinery  
  16  0:50  SCV  
  16  0:52  Refinery  
  17  1:02  SCV  
  18  1:15  SCV  
  19  1:27  Orbital Command, Reaper  
  19  1:28  Supply Depot  
  20  1:41  Factory  
  20  1:52  SCV  
  21  2:00  Barracks Reactor  
  21  2:04  SCV  
  22  2:15  Command Center  
  22  2:18  SCV  
  23  2:25  Hellion  
  25  2:30  SCV  
  25  2:36  Marine x2, Supply Depot  
  28  2:43  SCV  
  29  2:47  Starport  
  29  2:52  Widow Mine  
  29  2:58  SCV, Marine x2  
  34  3:10  SCV  
  35  3:14  Widow Mine  
  35  3:16  Marine x2  
  40  3:27  SCV  
  40  3:30  Medivac  
  40  3:31  Orbital Command  
  41  3:35  Marine x2  
  41  3:37  Factory Tech Lab  
  41  3:39  SCV  
  44  3:45  Supply Depot  
  44  3:48  Orbital Command  
  44  3:51  SCV  
  44  3:52  Marine  
  44  3:53  Marine  
  47  3:57  Siege Tank  
  50  4:05  SCV, Starport Tech Lab  
  51  4:11  Marine  
  51  4:12  Marine  
  51  4:14  SCV  
  54  4:17  SCV, Supply Depot  
  55  4:27  Raven  
  55  4:28  SCV  
  55  4:29  SCV, Siege Tank  
  62  4:38  Marine x2  
  62  4:40  SCV  
  62  4:41  SCV  
  66  4:48  Supply Depot  
  64  4:53  SCV  
  64  4:54  Barracks, SCV  
  64  4:56  Marine x2  
  64  4:58  Supply Depot  
  68  5:05  SCV  
  68  5:06  SCV  
  70  5:10  Barracks, Engineering Bay, Siege Tank  
  73  5:16  Supply Depot  
  73  5:17  SCV  
  73  5:18  SCV  
  73  5:20  Marine x2  
  74  5:29  SCV  
  74  5:30  SCV  
  74  5:32  Refinery  
  72  5:38  Marine x2  
  72  5:41  SCV  
  72  5:42  SCV  
  74  5:45  Siege Tank  
  74  5:49  Command Center  
  77  5:53  SCV  
  77  5:54  SCV  
  79  5:59  Stimpack, Marauder  
  79  6:00  Barracks Tech Lab  
  77  6:04  Marine x2  
  77  6:06  SCV  
  77  6:07  SCV  
  77  6:10  Terran Infantry Weapons Level 1  
  78  6:12  Refinery  
  75  6:19  SCV x2, Starport Reactor, Marauder  
  75  6:20  Marauder  
  75  6:22  Marine x2  
  76  6:30  Factory Reactor  
  76  6:31  Barracks, SCV x2  
  76  6:32  Barracks  
  78  6:39  Combat Shield  
  76  6:41  Marauder x2  
  76  6:43  SCV x2  
  76  6:45  Supply Depot  
  76  6:46  Marine x2  
  84  6:53  Missile Turret  
  84  6:55  SCV x2  
  84  7:01  Medivac  
  87  7:02  Marauder  
  87  7:03  Marauder  
  87  7:05  Medivac  
  87  7:07  Orbital Command  
  93  7:11  SCV x2  
  93  7:14  Widow Mine x2  
  99  7:19  Marauder  
  99  7:23  SCV x2, Marauder  
  99  7:24  Marauder, Barracks Reactor  
  105  7:30  Missile Turret  
  105  7:31  Marine, Viking  
  105  7:32  Orbital Command, Marine  
  105  7:36  Medivac  
  111  7:37  Supply Depot  
  111  7:39  SCV x2  
  112  7:47  Marauder x2  
  112  7:51  SCV  
  117  7:53  Supply Depot  
  117  7:54  Supply Depot  
  117  7:55  Supply Depot  
  117  7:59  Bunker, Marauder, SCV  
  117  8:02  SCV  
  117  8:03  SCV  
  122  8:06  Medivac  
  122  8:09  Marine  
  125  8:13  Terran Infantry Armor Level 1  
  125  8:14  Marine x2  
  125  8:15  Widow Mine x2, SCV x3, Medivac, Marine  
  125  8:17  Supply Depot  
  125  8:18  Concussive Shells  
  135  8:21  Marine, Marauder  
  135  8:24  Marauder  
  116  8:27  SCV x2, Marine  
  116  8:30  SCV  
  116  8:32  Marine x2  
  119  8:38  Widow Mine x2  
  119  8:39  Marauder  
  119  8:41  Marine  
  122  8:42  Marine  
  122  8:46  Marauder  
  122  8:48  Armory  
  119  8:50  Engineering Bay  
  119  8:51  SCV x2, Refinery  
  119  8:52  Refinery  
  121  8:58  Supply Depot  
  121  8:59  Marine x2, Supply Depot  
  121  9:00  Marauder, Marine  
  121  9:01  Marine  
  127  9:03  Supply Depot  
  127  9:13  Ghost Academy  
  127  9:14  Marauder x2  
  131  9:17  Marine x2  
  131  9:21  Marauder  
  131  9:22  Widow Mine x2, Medivac  
  131  9:23  Medivac  
  143  9:29  Marine x2  
  145  9:32  Supply Depot  
  145  9:35  Marauder x2  
  149  9:43  Widow Mine, Marine x2, Marauder  
  155  9:47  Marine  
  154  9:52  Marine  
  154  9:56  Marauder  
  154  9:57  Marauder  
  154  9:59  Widow Mine  
  161  10:00  Marine x2  
  161  10:01  Medivac  
  161  10:04  Marauder, Medivac  
  161  10:05  Marine  
  159  10:14  Command Center  
Tags
 
Add a new tag
Caveats
  • Supply blocks, unpowered buildings, or Contaminate may cause inaccurate times.
  • Supply counts are checked every 10 seconds.